[Event "Early-Titled-Tuesday-Blitz-September-12-2023"]
[Site "Chess.com"]
[Date "2023.09.12"]
[Round "7"]
[White "GMBenjaminBok"]
[Black "DenLaz"]
[Result "1-0"]
[WhiteElo "3007"]
[BlackElo "3071"]
[TimeControl "180+1"]
[EndTime "9:17:03 PDT"]
[Termination "GMBenjaminBok won by resignation"]

1. c4 Nf6 2. Nf3 e6 3. b3 d5 4.
Bb2 Be7 5. e3 O-O 6. Nc3 c5 7.
cxd5 Nxd5 8. Qc2 b6 9. h4 Ba6 10. Ng5 g6 11. Nxh7 Nb4 12. Qe4 Bxf1 13. Kxf1 Kxh7 14.
Qxa8 Qxd2 15. Rb1 N8c6 16. Qb7 Bf6 17. Kg1 Qxb2 18. Rxb2 1-0

[Event "Early-Titled-Tuesday-Blitz-September-12-2023"]
[Site "Chess.com"]
[Date "2023.09.12"]
[Round "7"]
[White "The_Machine04"]
[Black "FGHSMN"]
[Result "0-1"]
[WhiteElo "2671"]
[BlackElo "2905"]
[TimeControl "180+1"]
[EndTime "9:17:04 PDT"]
[Termination "FGHSMN won by checkmate"]

1. d4 Nf6 2. Nf3 e6 3. Nbd2 d5 4. e3 c5 5. c3 Nc6 6. Bd3 Be7 7. O-O O-O 8. dxc5 Bxc5 9. b4 Bd6 10. Bb2 a6 11. a3 b5 12. a4 Rb8 13. axb5 axb5 14. Qe2 Qb6 15. e4 Nh5 16. g3 g6 17. e5 Be7 18.
Nb3 f6 19. exf6 Bxf6 20. Nbd4 Ng7 21. Nxc6 Qxc6 22. Nd4 Qb6 23. Nxb5 e5 24. Ra5 Bh3 25.
Rd1 Bg5 26. Bc1 Bxc1 27. Rxc1 Ne6 28. Qe3 Ng5 29. Qxb6 Rxb6 30. Kh1 Rxf2 31. Rc2 Rxc2 32. Bxc2 Rf6 33. Ra1 Rf2 34. Bb3 Bg2+ 35. Kg1 Nh3# 0-1

[Event "Early-Titled-Tuesday-Blitz-September-12-2023"]
[Site "Chess.com"]
[Date "2023.09.12"]
[Round "7"]
[White "AliKa2810"]
[Black "Juicy_Fork"]
[Result "0-1"]
[WhiteElo "2559"]
[BlackElo "2475"]
[TimeControl "180+1"]
[EndTime "9:17:06 PDT"]
[Termination "Juicy_Fork won by resignation"]

1. d4 Nf6 2. c4 g6 3. Nc3 Bg7 4.
e4 d6 5. h3 O-O 6. Be3 e5 7.
d5 Na6 8. g4 Nc5 9. f3 a5 10.
h4 c6 11. h5 cxd5 12. cxd5 a4 13. Nge2 Qa5 14. Qd2 b5 15. Ng3 b4 16. Nd1 Ba6 17.
Nf2 Rfc8 18. h6 Bf8 19. g5 Nfd7 20. Ng4 Be7 21. Kf2 Bxf1 22. Raxf1 Qb5 23. Rd1 b3 24. a3 Nxe4+ 25. Nxe4 Rc2 26. Kg3 Rxd2 27. Rxd2 Rc8 28. Nc3 Qa5 29. Rhd1 f5 30. gxf6 Nxf6 31. Nxf6+ Bxf6 32. Ne4 Be7 33. Bg5 Bxg5 34. Nxg5 Rc2 35. Ne4 Qb6 36. Nf6+ Kf7 37. Ne4 Ke7 38. Rd3 Rxb2 39.
Rc1 Rc2 40. Rxc2 bxc2 41. Rc3 Qb1 42. Rc7+ Kd8 43. Rxh7 c1=Q 44. Rh8+ Kc7 45. h7 Qg1+ 46.
Kh4 Qh2+ 47. Kg5 Qf4+ 0-1

[Event "Early-Titled-Tuesday-Blitz-September-12-2023"]
[Site "Chess.com"]
[Date "2023.09.12"]
[Round "7"]
[White "bardiya_Daneshvar"]
[Black "Rakhmanov_Aleksandr"]
[Result "1-0"]
[WhiteElo "2955"]
[BlackElo "2804"]
[TimeControl "180+1"]
[EndTime "9:17:08 PDT"]
[Termination "bardiya_Daneshvar won on time"]

1. Nf3 d5 2. d4 e6 3. g3 b5 4. e3 a6 5. a4 b4 6. c4 bxc3 7. bxc3 c5 8. Ba3 Nf6 9. Nbd2 Nc6 10.
Bg2 cxd4 11. Bxf8 Kxf8 12. cxd4 g6 13. O-O Kg7 14. Nb3 a5 15. Nc5 Ba6 16. Re1 Nd7 17. Rc1 Nxc5 18. Rxc5 Qd6 19. Qd2 Rhc8 20. Rec1 Bc4 21.
h4 h6 22. e4 Nb4 23. e5 Qe7 24. Rxc8 Rxc8 25. Nh2 h5 26. Nf3 Qd8 27. Ng5 Bd3 28.
Bh3 Bf5 29. Bxf5 exf5 30. e6 f6 31. Nf7 1-0

[Event "Early-Titled-Tuesday-Blitz-September-12-2023"]
[Site "Chess.com"]
[Date "2023.09.12"]
[Round "7"]
[White "cthulhuuu"]
[Black "LUISMIGUELOV"]
[Result "1-0"]
[WhiteElo "2472"]
[BlackElo "2131"]
[TimeControl "180+1"]
[EndTime "9:17:09 PDT"]
[Termination "cthulhuuu won by resignation"]

1. e4 c6 2. d3 d5 3. Nd2 Nf6 4.
Ngf3 Bg4 5. h3 Bxf3 6. Qxf3 e6 7. g3 Nbd7 8. Qe2 Qc7 9. Bg2 Bd6 10. O-O O-O 11. f4 dxe4 12. dxe4 Bc5+ 13. Kh2 e5 14. f5 Rad8 15. Nf3 Rfe8 16. g4 Nf8 17. Nh4 b5 18. g5 N6d7 19. Qg4 Bb6 20. Qh5 Qd6 21. f6 gxf6 22. gxf6 Nxf6 23. Qg5+ Ng6 24. Rxf6 Qe7 25. Nf5 Qf8 26. Nh6+ Kg7 27. Rxf7+ Qxf7 28.
Nxf7 Kxf7 29. Qh5 Re6 30. Qxh7+ Kf8 31. Bh6+ 1-0

[Event "Early-Titled-Tuesday-Blitz-September-12-2023"]
[Site "Chess.com"]
[Date "2023.09.12"]
[Round "7"]
[White "HansOnTwitch"]
[Black "DTChess"]
[Result "1-0"]
[WhiteElo "3040"]
[BlackElo "2517"]
[TimeControl "180+1"]
[EndTime "9:17:10 PDT"]
[Termination "HansOnTwitch won by checkmate"]

1. e4 e5 2. Nf3 Nc6 3. Bb5 a6 4. Ba4 Nf6 5. O-O b5 6. Bb3 Be7 7. d4 d6 8. c3 O-O 9. h3 exd4 10. cxd4 Na5 11. Bc2 c5 12. d5 Nd7 13. Nc3 Bf6 14.
Rb1 Re8 15. Re1 g6 16. Ne2 c4 17. Bf4 Nc5 18. Ned4 Qb6 19. b4 cxb3 20. axb3 b4 21. Qd2 Bd7 22. e5 dxe5 23. Nxe5 Rad8 24. Rbd1 Bc8 25.
Ndc6 Nxc6 26. Nxc6 Rxe1+ 27. Rxe1 Bc3 28. Qe3 Rf8 29.
Bh6 Bxe1 30. Qe5 Bxf2+ 31. Kh1 f6 32. Qe7 Qb7 33. Qxf8# 1-0

[Event "Early-Titled-Tuesday-Blitz-September-12-2023"]
[Site "Chess.com"]
[Date "2023.09.12"]
[Round "7"]
[White "cukin84"]
[Black "schackspelaren"]
[Result "1-0"]
[WhiteElo "2221"]
[BlackElo "2275"]
[TimeControl "180+1"]
[EndTime "9:17:11 PDT"]
[Termination "cukin84 won on time"]

1. e4 e6 2. d4 d5 3. Nc3 Bb4 4. exd5 exd5 5. Bd3 Ne7 6. Qh5 Qd6 7. Ne2 g6 8. Qh4 Bf5 9. Bf4 Qd7 10. Qf6 Rg8 11.
O-O-O c6 12. Bg5 Na6 13. a3 Bd6 14. Bxf5 gxf5 15. Ng3 O-O-O 16. h4 Rdf8 17. h5 Nc7 18.
Rde1 f4 19. Bxf4 Ne6 20. Bxd6 Qxd6 21. Re5 Kd7 22. Rhe1 Rg4 23. Nce2 Ng8 24. Qf5 Nh6 25. Qf3 Rgg8 26. Nf5 Nxf5 27. Qxf5 1-0

[Event "Early-Titled-Tuesday-Blitz-September-12-2023"]
[Site "Chess.com"]
[Date "2023.09.12"]
[Round "7"]
[White "jraosam"]
[Black "CSB7"]
[Result "0-1"]
[WhiteElo "2024"]
[BlackElo "2718"]
[TimeControl "180+1"]
[EndTime "9:17:12 PDT"]
[Termination "CSB7 won by resignation"]

1. e4 c6 2. d4 d5 3. Nc3 dxe4 4. Nxe4 Bf5 5. Ng3 Bg6 6. h4 h6 7. Nf3 Nd7 8. h5 Bh7 9. Bd3 Bxd3 10. Qxd3 e6 11.
Bd2 Ngf6 12. O-O-O Be7 13. Kb1 O-O 14. Ne4 Nxe4 15. Qxe4 Nf6 16. Qe2 Qd5 17. Rh4 Rfd8 18. Ne5 c5 19. c4 Qxg2 20. Nf3 Nh7 21. Re4 Qh3 22. d5 Qxh5 23. dxe6 fxe6 24. Rxe6 Bf6 25. Rg1 Qf5+ 26. Ka1 Kh8 27. Ne5 Bxe5 28. Rxe5 Rxd2 29. Qe3 Qxf2 30. Re8+ Rxe8 31. Qxe8+ Qf8 0-1

[Event "Early-Titled-Tuesday-Blitz-September-12-2023"]
[Site "Chess.com"]
[Date "2023.09.12"]
[Round "7"]
[White "Massakru"]
[Black "FMStan15"]
[Result "0-1"]
[WhiteElo "2383"]
[BlackElo "2094"]
[TimeControl "180+1"]
[EndTime "9:17:12 PDT"]
[Termination "FMStan15 won by resignation"]

1. e4 e6 2. d4 d5 3. Nc3 Bb4 4. Ne2 dxe4 5. a3 Be7 6. Nxe4 Nd7 7. N2g3 Ngf6 8. Bd3 O-O 9. Qf3 Nxe4 10. Nxe4 Nf6 11. c3 Nxe4 12. Qxe4 g6 13. h4 Qd5 14. Qg4 e5 15. Qe2 Bf6 16. Be4 Qd6 17. Bh6 Re8 18. dxe5 Qxe5 19. f3 Bf5 20. O-O-O Bxe4 21. fxe4 Qxe4 22.
Qxe4 Rxe4 23. Rd7 Re7 24. Rxe7 Bxe7 25. g3 Bd6 26. g4 Re8 27. Rd1 Re4 28. Rg1 Bf4+ 29.
Bxf4 Rxf4 30. Kd2 Rf2+ 31. Kc1 Kf8 32. h5 g5 33. Kb1 h6 34. Ka2 Rf4 35. Kb3 Ke7 36.
c4 a5 37. Kc3 Rf3+ 38. Kd4 Rf4+ 39. Kc5 Kd7 40. Rd1+ Kc8 41. Re1 b6+ 42. Kb5 Kb7 43.
Re7 Rxg4 44. Rxf7 Rh4 45. b4 axb4 46. axb4 Rxh5 47. c5 bxc5 48. bxc5 g4 49. Rg7 Rg5 50. Rh7 g3 0-1

[Event "Early-Titled-Tuesday-Blitz-September-12-2023"]
[Site "Chess.com"]
[Date "2023.09.12"]
[Round "7"]
[White "kacprekt"]
[Black "GaiozNigalidze"]
[Result "1/2-1/2"]
[WhiteElo "2473"]
[BlackElo "2720"]
[TimeControl "180+1"]
[EndTime "9:17:13 PDT"]
[Termination "Game drawn by repetition"]

1. e4 c5 2. c3 d5 3. exd5 Qxd5 4. Nf3 Nf6 5. Na3 e6 6. d4 Be7 7. Be2 cxd4 8. Nb5 Na6 9. Qxd4 O-O 10. O-O Bd7 11. a4 Bc6 12. Bg5 Rfd8 13. Qh4 h6 14.
Be3 g5 15. Qxh6 Ng4 16. Qh5 Nxe3 17. fxe3 Qe4 18. Kh1 g4 19. Nh4 Bxh4 20. Qxf7+ Kh8 21. Qh5+ Qh7 22. Qe5+ Qg7 23. Qh5+ Qh7 24. Qe5+ Qg7 25. Qh5+ Qh7 1/2-1/2

[Event "Early-Titled-Tuesday-Blitz-September-12-2023"]
[Site "Chess.com"]
[Date "2023.09.12"]
[Round "7"]
[White "MathiasWomacka"]
[Black "HrvojeZagreb"]
[Result "1-0"]
[WhiteElo "2479"]
[BlackElo "2268"]
[TimeControl "180+1"]
[EndTime "9:17:14 PDT"]
[Termination "MathiasWomacka won by resignation"]

1. e4 c5 2. Nf3 a6 3. c4 Nc6 4.
d4 cxd4 5. Nxd4 d6 6. Nc3 Nf6 7. Be2 e6 8. Be3 Be7 9. O-O Qc7 10. f4 O-O 11. Rc1 b6 12. Nd5 exd5 13. cxd5 Nxd4 14.
Rxc7 Nxe2+ 15. Qxe2 Bd8 16. Rc6 Nxe4 17. Bxb6 Bxb6+ 18. Rxb6 f5 19. Rc1 Rf7 20. Qe3 Bd7 21. Rc7 Bb5 22. Rxf7 Kxf7 23. Rb7+ Kg8 24. Qd4 Nf6 25.
a4 Bd7 26. Qb6 Rf8 27. Qxd6 Bxa4 28. Qxa6 Be8 29. d6 Bd7 30. Qa7 Bc6 31. Rxg7+ Kh8 32. Rf7 Rg8 33. Rxf6 Rxg2+ 34. Kf1 1-0

[Event "Early-Titled-Tuesday-Blitz-September-12-2023"]
[Site "Chess.com"]
[Date "2023.09.12"]
[Round "7"]
[White "MaxLeto"]
[Black "Romkachess"]
[Result "1-0"]
[WhiteElo "2402"]
[BlackElo "2518"]
[TimeControl "180+1"]
[EndTime "9:17:15 PDT"]
[Termination "MaxLeto won on time"]

1. e4 c5 2. Nf3 d6 3. d4 cxd4 4. Nxd4 Nf6 5. Nc3 a6 6. h3 e5 7. Nde2 h5 8. g3 Be6 9. Bg2 Nbd7 10. Bg5 Rc8 11. O-O Be7 12. a4 O-O 13. Be3 Qc7 14.
a5 Rfd8 15. Qd2 Qc6 16. Rfd1 Nc5 17. Nd5 Bxd5 18. exd5 Qc7 19. Rdc1 g6 20. b4 Nce4 21. Qd3 Qc4 22. Bb6 Re8 23. Rab1 Bf8 24. Rb3 Bh6 25. Be3 Bxe3 26. Qxe3 Kg7 27. f3 1-0

[Event "Early-Titled-Tuesday-Blitz-September-12-2023"]
[Site "Chess.com"]
[Date "2023.09.12"]
[Round "7"]
[White "Gogolev_Artemy"]
[Black "Gyulamiryan-koryun"]
[Result "1-0"]
[WhiteElo "2396"]
[BlackElo "2027"]
[TimeControl "180+1"]
[EndTime "9:17:15 PDT"]
[Termination "Gogolev_Artemy won on time"]

1. c4 Nf6 2. g3 g6 3. d4 c5 4. Nf3 Bg7 5. Bg2 Nc6 6. d5 Na5 7.
Qd3 d6 8. Nc3 Bd7 9. O-O a6 10.
a4 b6 11. Bf4 Nh5 12. Bd2 Nb3 13. Rab1 Nxd2 14. Qxd2 O-O 15. e4 Bxc3 16. bxc3 Bxa4 17. Qh6 f6 18. Nh4 Be8 19. f4 Rf7 20. e5 Rg7 21. g4 g5 22. Nf5 Rg6 23. Qxh5 gxf4 24.
e6 b5 25. Rf3 Rg5 26. Qh6 Rxf5 27. gxf5 1-0

[Event "Early-Titled-Tuesday-Blitz-September-12-2023"]
[Site "Chess.com"]
[Date "2023.09.12"]
[Round "7"]
[White "Frolyanov_D"]
[Black "Hikaru"]
[Result "0-1"]
[WhiteElo "2668"]
[BlackElo "3234"]
[TimeControl "180+1"]
[EndTime "9:17:16 PDT"]
[Termination "Hikaru won by resignation"]

1. d4 a6 2. c4 e6 3. Nc3 c5 4. d5 exd5 5. Nxd5 d6 6. Nf3 Nc6 7. g3 Nf6 8. Bg5 Be7 9. Nxe7 Qxe7 10. Bg2 O-O 11. O-O h6 12. Bf4 Rd8 13. Qd2 d5 14. cxd5 Nxd5 15. Rad1 Bg4 16. h3 Bxf3 17. Bxf3 Nd4 18.
Kg2 Nxf3 19. exf3 Qf6 20. Qc1 Qc6 21. Be3 b6 22. Rfe1 Rd7 23. a3 Rad8 24. Qc2 c4 25.
Bc1 b5 26. Rd4 Rd6 27. Rde4 Nf6 28. Re7 Rd3 29. Qe2 a5 30. Bf4 Nd5 31. Re4 c3 32. Be5 Rd2 33. Qf1 Rxb2 34. Rg4 g6 35. Qd3 Nf4+ 36.
Rxf4 Rxd3 37. Bf6 Rdd2 0-1

[Event "Early-Titled-Tuesday-Blitz-September-12-2023"]
[Site "Chess.com"]
[Date "2023.09.12"]
[Round "7"]
[White "seramoral"]
[Black "Leonid_Starozhilov"]
[Result "1-0"]
[WhiteElo "2615"]
[BlackElo "2774"]
[TimeControl "180+1"]
[EndTime "9:17:16 PDT"]
[Termination "seramoral won on time"]

1. e4 c5 2. Nf3 e6 3. c3 Nf6 4.
e5 Nd5 5. Bc4 d6 6. d4 cxd4 7.
cxd4 Nc6 8. O-O Be7 9. exd6 Qxd6 10.
Nc3 Nxc3 11. bxc3 b6 12. Bd3 Bb7 13. Qe2 Qd5 14. c4 Qh5 15. Rb1 O-O-O 16. Rb5 g5 17. d5 Nb4 18. Be4 exd5 19. Bf5+ Kb8 20. Qxe7 Nc6 21.
Qxg5 Qxg5 22. Bxg5 Rde8 23. cxd5 Na5 24. Rc1 Ba6 25.
Bf4+ Ka8 26. Rb4 Rd8 27. d6 Bb7 28. d7 Bc6 29. Bg5 Bxd7 30. Bxd8 Bxf5 31. Bxb6 axb6 32. Rxb6 Ka7 33. Rb5 1-0

[Event "Early-Titled-Tuesday-Blitz-September-12-2023"]
[Site "Chess.com"]
[Date "2023.09.12"]
[Round "7"]
[White "DanyKopy"]
[Black "tdf98pantani"]
[Result "0-1"]
[WhiteElo "2519"]
[BlackElo "2735"]
[TimeControl "180+1"]
[EndTime "9:17:17 PDT"]
[Termination "tdf98pantani won by resignation"]

1. d4 d5 2. c4 e6 3. Nf3 Nf6 4. Nc3 Bb4 5. Bg5 h6 6. Bxf6 Qxf6 7. e3 O-O 8. Rc1 Nd7 9. cxd5 exd5 10. Bd3 c6 11.
O-O Re8 12. a3 Bxc3 13. bxc3 Nb6 14. Ne5 Bf5 15. c4 Bxd3 16. Qxd3 Rad8 17. Rb1 Re7 18. c5 Nd7 19. Rxb7 Nxc5 20. dxc5 Rxb7 21. Qa6 Rc7 22. Nf3 Qc3 23. Nd4 Qxc5 24. h3 Qb6 25. Qd3 c5 26.
Nf5 Qf6 27. Rb1 d4 28. e4 c4 29. Qg3 Rcd7 30. f4 d3 31. Ne3 c3 32. Nd5 Rxd5 33.
exd5 c2 0-1

[Event "Early-Titled-Tuesday-Blitz-September-12-2023"]
[Site "Chess.com"]
[Date "2023.09.12"]
[Round "7"]
[White "LileKoridze"]
[Black "sergeikim"]
[Result "0-1"]
[WhiteElo "2370"]
[BlackElo "2562"]
[TimeControl "180+1"]
[EndTime "9:17:17 PDT"]
[Termination "sergeikim won by resignation"]

1. d4 Nf6 2. c4 g6 3. Nc3 Bg7 4. e4 d6 5. Nf3 O-O 6. Be2 e5 7. O-O exd4 8. Nxd4 Re8 9. f3 c6 10.
Be3 Nbd7 11. Qd2 a5 12. Rfd1 a4 13. Bf4 Ne5 14. Kh1 Qa5 15. Nc2 Be6 16. Qxd6 Nxc4 17. Bxc4 Bxc4 18. Qb4 Qxb4 19. Nxb4 Be6 20. Nd3 Nd7 21.
a3 Bb3 22. Re1 h6 23. Rac1 Rad8 24. Be3 Ne5 25. Nxe5 Rxe5 26. g3 Re7 27. Kg2 Red7 28. Kf2 Kh7 29. Re2 Bc4 30. Ree1 b5 31. Red1 Bb3 32.
Rxd7 Rxd7 33. Ke2 Bf8 34. e5 Bg7 35. f4 Bc4+ 36. Kf2 Rd3 37. Rc2 f6 38. exf6 Bxf6 39.
Ne4 Bg7 40. Nc5 Rd1 41. Ne4 Bd3 0-1

[Event "Early-Titled-Tuesday-Blitz-September-12-2023"]
[Site "Chess.com"]
[Date "2023.09.12"]
[Round "7"]
[White "Arimin1329"]
[Black "MdImranCM"]
[Result "0-1"]
[WhiteElo "2274"]
[BlackElo "2490"]
[TimeControl "180+1"]
[EndTime "9:17:18 PDT"]
[Termination "MdImranCM won by resignation"]

1. d4 d5 2. b3 g6 3. Bb2 Bg7 4. Nd2 Nf6 5. e3 O-O 6. Ngf3 b6 7. Be2 Bb7 8. O-O Nbd7 9. Rc1 c5 10. c4 dxc4 11. Nxc4 Rc8 12. Nce5 Ne4 13. Nxd7 Qxd7 14. Ba1 Qf5 15. Bd3 Rfd8 16. Nd2 Qe6 17. Bc4 Qc6 18. d5 Rxd5 19. Bxd5 Qxd5 20. Nf3 Bxa1 21. Qxd5 Bxd5 22. Rxa1 Nc3 23. Rfe1 c4 24. bxc4 Rxc4 25. Nd4 e5 26. Nb3 a5 27. Rac1 a4 28. Nd2 Ne2+ 29.
Kf1 Nxc1 30. Nxc4 Bxc4+ 31. Kg1 Nxa2 32. Rc1 Nxc1 0-1

[Event "Early-Titled-Tuesday-Blitz-September-12-2023"]
[Site "Chess.com"]
[Date "2023.09.12"]
[Round "7"]
[White "dadice10"]
[Black "UmarovSabir"]
[Result "1-0"]
[WhiteElo "2214"]
[BlackElo "2261"]
[TimeControl "180+1"]
[EndTime "9:17:19 PDT"]
[Termination "dadice10 won by checkmate"]

1. e4 g6 2. d4 Bg7 3. Nc3 c6 4.
Nf3 d5 5. h3 Nf6 6. e5 Nfd7 7.
e6 fxe6 8. Ng5 Nf8 9. Qf3 Bf6 10. Bd3 h6 11. Nge4 dxe4 12. Nxe4 Bg7 13. c3 Nbd7 14.
O-O Nf6 15. Nc5 Qd5 16. Qe2 b6 17. Nb3 Bd7 18. c4 Qh5 19. Qe3 g5 20. a4 g4 21.
hxg4 Nxg4 22. Qg3 Rg8 23. a5 bxa5 24. Rxa5 e5 25. Nc5 exd4 26. Be2 Bc8 27. b4 Be5 28.
Bf4 Nf6 29. Bxh5+ Kd8 30. Qxg8 Nxg8 31. Bxe5 e6 32. Rd1 Ne7 33. Rxd4+ Nd7 34. Nxe6# 1-0

[Event "Early-Titled-Tuesday-Blitz-September-12-2023"]
[Site "Chess.com"]
[Date "2023.09.12"]
[Round "7"]
[White "bazar-wokzal"]
[Black "Lennis93"]
[Result "1-0"]
[WhiteElo "2559"]
[BlackElo "2727"]
[TimeControl "180+1"]
[EndTime "9:17:21 PDT"]
[Termination "bazar-wokzal won by checkmate"]

1. e4 c6 2. d4 d5 3. f3 e6 4. Nc3 Bb4 5. Be3 Nf6 6. Bd3 b6 7. Qe2 a5 8. e5 Nfd7 9. f4 Ba6 10. Nf3 c5 11. Bxa6 Nxa6 12. O-O Bxc3 13. bxc3 O-O 14. g4 f5 15. gxf5 Rxf5 16. Kh1 c4 17. Rg1 Nc7 18. Rg3 g6 19. Rag1 Qe7 20. Ng5 Nf8 21. h4 Nb5 22. Bd2 h5 23. Be1 Ra7 24. Rf3 Qa3 25.
Nh3 Rg7 26. Nf2 Qxa2 27. Nd1 Na3 28. Ne3 Rff7 29. Qg2 b5 30. f5 gxf5 31. Rg3 Rg4 32.
Nxg4 fxg4 33. Rxg4+ Kh7 34. Rg7+ Kh8 35. Rg8+ Kh7 36.
Qg7+ Rxg7 37. R1xg7+ Kh6 38. Bd2# 1-0

[Event "Early-Titled-Tuesday-Blitz-September-12-2023"]
[Site "Chess.com"]
[Date "2023.09.12"]
[Round "7"]
[White "amintabatabaei"]
[Black "Zhigalko_Sergei"]
[Result "1-0"]
[WhiteElo "3054"]
[BlackElo "2884"]
[TimeControl "180+1"]
[EndTime "9:17:24 PDT"]
[Termination "amintabatabaei won on time"]

1. c4 e5 2. g3 Nf6 3. Bg2 c6 4. Nf3 d6 5. O-O Be7 6. Nc3 O-O 7. d3 h6 8. e4 Be6 9. b3 c5 10. Nh4 Nc6 11. Nf5 Nd4 12. Nxe7+ Qxe7 13. h3 Nh7 14. f4 exf4 15. Bxf4 f6 16. Qd2 Ng5 17. g4 Rae8 18.
Rae1 Qd8 19. Qf2 Nf7 20. Qg3 Ne5 21. Rf2 a6 22. Rd1 b5 23. Be3 Nec6 24. Bf4 Ne5 25. Be3 Nec6 26. Nd5 Qa5 27. Qxd6 Bxd5 28. cxd5 Ne5 29.
Qxc5 1-0

[Event "Early-Titled-Tuesday-Blitz-September-12-2023"]
[Site "Chess.com"]
[Date "2023.09.12"]
[Round "7"]
[White "maurovargas01"]
[Black "DarZay"]
[Result "0-1"]
[WhiteElo "1863"]
[BlackElo "2265"]
[TimeControl "180+1"]
[EndTime "9:17:24 PDT"]
[Termination "DarZay won on time"]

1. e4 c5 2. Nc3 g6 3. f4 Bg7 4. Nf3 d6 5. Bb5+ Bd7 6. Bxd7+ Nxd7 7. O-O Ngf6 8. Qe1 Qb6 9. Kh1 O-O-O 10. d3 e5 11.
fxe5 Nxe5 12. Ng5 h6 13. Nh3 Rde8 14. Rf2 d5 15. Qf1 d4 16. Na4 Qc6 17. b3 Nfg4 18. Re2 f5 19. Nf4 Rhf8 20. Nd5 fxe4 21. Qe1 Qxd5 22. Rxe4 Nf2+ 23. Kg1 Nxe4 24. dxe4 Qd6 25. Bf4 Rxf4 26. Qg3 g5 27. Nb2 Qc6 28. Re1 Rxe4 29. Rf1 Rf8 30. Rc1 Re2 31. Nd3 Qe4 0-1

[Event "Early-Titled-Tuesday-Blitz-September-12-2023"]
[Site "Chess.com"]
[Date "2023.09.12"]
[Round "7"]
[White "benny_aizenberg"]
[Black "ShiroglanTalibov"]
[Result "0-1"]
[WhiteElo "2624"]
[BlackElo "2853"]
[TimeControl "180+1"]
[EndTime "9:17:25 PDT"]
[Termination "ShiroglanTalibov won by checkmate"]

1. g4 d5 2. g5 e5 3. h4 h6 4. d3 hxg5 5. Bxg5 Be7 6. Nf3 Nc6 7.
Nc3 Bg4 8. Bg2 Qd7 9. e4 Bxg5 10. hxg5 Rxh1+ 11. Bxh1 dxe4 12. Nxe4 Nd4 13. c3 Bxf3 14. Bxf3 Ne6 15. Qb3 c6 16. O-O-O O-O-O 17. Bg4 b6 18. g6 Nh6 19. Bh3 f5 20. Ng3 Nc5 21. Qc4 Nxd3+ 22. Kb1 b5 23. Qb3 Kb7 24. Bf1 e4 25. f3 Qc7 26. Ne2 Nc5 27. Qc2 Rxd1+ 28. Qxd1 exf3 29. Nd4 f2 30. Bg2 Ne4 31. Qf1 Nd2+ 32. Kc2 Nxf1 33. Nxb5 Ne3+ 34. Kd3 Nxg2 35. Nxc7 Kxc7 36. Ke2 Ng4 37.
Kf1 N2e3+ 38. Ke2 f1=Q+ 39. Kd2 Qd1# 0-1

[Event "Early-Titled-Tuesday-Blitz-September-12-2023"]
[Site "Chess.com"]
[Date "2023.09.12"]
[Round "7"]
[White "Jaka_Brilej"]
[Black "Hilary46"]
[Result "0-1"]
[WhiteElo "2447"]
[BlackElo "2576"]
[TimeControl "180+1"]
[EndTime "9:17:26 PDT"]
[Termination "Hilary46 won by resignation"]

1. d4 d5 2. Nf3 Nf6 3. e3 e6 4. Bd3 c5 5. b3 Nc6 6. Bb2 cxd4 7. exd4 Bd6 8. O-O Qc7 9. a3 a5 10. Nbd2 a4 11. b4 O-O 12. Qe2 Bd7 13. Ne5 Ne7 14. f4 Ne8 15. Rae1 f6 16. Nxd7 Qxd7 17. Qxe6+ Qxe6 18. Rxe6 Kf7 19. Rfe1 Ng6 20. g3 Rd8 21. c4 Nc7 22. f5 Nxe6 23. fxe6+ Ke7 24. cxd5 Rc8 25. Nc4 Rfd8 26. Nb6 Rc7 27. Bc1 Kf8 28. Kg2 Kg8 29. h4 Rc3 30. Rd1 Ne7 31. Bb2 Rb3 32.
Rd2 Bc7 33. Nd7 Nxd5 34. Kg1 Ne7 35. Bc4 Rxg3+ 36. Kf1 Rh3 37. d5 Rh1+ 38. Kg2 Rh2+ 39. Kf1 Rxd2 40. d6 Bxd6 0-1

[Event "Early-Titled-Tuesday-Blitz-September-12-2023"]
[Site "Chess.com"]
[Date "2023.09.12"]
[Round "7"]
[White "Smiechu"]
[Black "PLAYER_2006_M"]
[Result "0-1"]
[WhiteElo "2481"]
[BlackElo "2877"]
[TimeControl "180+1"]
[EndTime "9:17:27 PDT"]
[Termination "PLAYER_2006_M won by resignation"]

1. e4 e5 2. Nf3 Nc6 3. d4 exd4 4. Nxd4 Qf6 5. Nxc6 Bc5 6. Qe2 bxc6 7. Nc3 Ne7 8.
Be3 Bb6 9. Bxb6 axb6 10. Qe3 d6 11. Bd3 Ng6 12. O-O Qf4 13. Qd4 O-O 14. Ne2 Qe5 15. f4 Qxd4+ 16. Nxd4 Bd7 17. a3 Ra4 18. Ne2 f5 19.
Nc3 Rd4 20. Ne2 Ra4 21. Nc3 Raa8 22. exf5 Bxf5 23. Bxf5 Rxf5 24. g3 Rf7 25. Rfe1 Ne7 26. Re2 Nf5 27. Rd1 d5 28. Re6 Rf6 29. Rxf6 gxf6 30.
Ne2 Re8 31. Kf2 Ne3 32. Rd2 Nc4 33. Rd3 Nxb2 34. Nd4 Nxd3+ 0-1

[Event "Early-Titled-Tuesday-Blitz-September-12-2023"]
[Site "Chess.com"]
[Date "2023.09.12"]
[Round "7"]
[White "profedechess93"]
[Black "Herzog2012"]
[Result "0-1"]
[WhiteElo "2644"]
[BlackElo "2505"]
[TimeControl "180+1"]
[EndTime "9:17:31 PDT"]
[Termination "Herzog2012 won by resignation"]

1. e4 c5 2. Nf3 Nc6 3. Bb5 g6 4. c3 Nf6 5. e5 Nd5 6. d4 cxd4 7. Bxc6 dxc6 8. Qxd4 Bg7 9. O-O Bf5 10. Re1 Qc7 11. Na3 b6 12. Qa4 b5 13. Qh4 h6 14. c4 Nb4 15.
cxb5 Nd3 16. Rd1 Nxe5 17. Nd4 c5 18. Nxf5 gxf5 19. Bf4 Qb6 20. Bxe5 Bxe5 21. Nc4 Qf6 22. Qh3 Bd4 23. Rab1 O-O 24. b4 cxb4 25. Rxb4 Rfd8 26.
Rbb1 Rac8 27. Qb3 Qe6 28. Na5 Bxf2+ 29. Kh1 Qxb3 30. axb3 Rxd1+ 31. Rxd1 Rc5 32. Nc6 e6 33.
Nxa7 Re5 34. g3 Bxa7 35. Rd8+ Kg7 36. Kg2 Bb6 37. Rd7 Rxb5 38. Rd3 Rb4 39. Kf3 e5 40.
h3 e4+ 0-1

[Event "Early-Titled-Tuesday-Blitz-September-12-2023"]
[Site "Chess.com"]
[Date "2023.09.12"]
[Round "7"]
[White "DumbKing75"]
[Black "Rickstereo"]
[Result "0-1"]
[WhiteElo "2655"]
[BlackElo "2593"]
[TimeControl "180+1"]
[EndTime "9:17:32 PDT"]
[Termination "Rickstereo won on time"]

1. e4 e6 2. d4 d5 3. Nc3 dxe4 4. Nxe4 Nd7 5. Nf3 Ngf6 6. Bg5 Be7 7. Nxf6+ Nxf6 8.
Qd3 O-O 9. O-O-O b6 10. h4 Bb7 11.
Kb1 c5 12. Qe3 Rc8 13. Be2 Qd5 14. a3 Rfd8 15. h5 Ng4 16. Qf4 Bxg5 17. Nxg5 Nf6 18.
Bf3 Qd7 19. dxc5 Qe7 20. cxb6 Bxf3 21. Nxf3 Nd5 22. Qg4 axb6 23. h6 g6 24. Qd4 Nc3+ 25. Qxc3 Rxc3 26. bxc3 Ra8 27. Rd3 Qxa3 0-1

[Event "Early-Titled-Tuesday-Blitz-September-12-2023"]
[Site "Chess.com"]
[Date "2023.09.12"]
[Round "7"]
[White "TimofeevAr"]
[Black "wannabe2700"]
[Result "1-0"]
[WhiteElo "2840"]
[BlackElo "2622"]
[TimeControl "180+1"]
[EndTime "9:17:33 PDT"]
[Termination "TimofeevAr won on time"]

1. c4 d6 2. Nc3 g6 3. h4 Nf6 4.
e4 e5 5. Be2 h6 6. h5 g5 7. Nf3 Bg4 8. d4 Nc6 9. dxe5 dxe5 10.
Nd5 Bc5 11. O-O Bxh5 12. Be3 Bxe3 13. fxe3 Nxe4 14. Nd2 Bxe2 15. Qxe2 Ng3 16. Qf3 Nxf1 17. Ne4 O-O 18. Ndf6+ Kg7 19. Qf5 Rh8 20. Rxf1 Qe7 21.
Nh5+ Kf8 22. Qg6 Ke8 23. Ng7+ Kd8 24. Rxf7 Qb4 25. Kh2 Ne7 26. Qe6 a5 27. c5 Re8 28.
Nxe8 1-0